 Dungeon Crawl Stone Soup version 0.21-a0-278-ga722497 (webtiles) character file.

10 vishdafish the Grave Robber (level 2, 19/19 HPs)
             Began as a Demonspawn Necromancer on Sept 23, 2017.
             Quit the game on level 1 of the Dungeon.
             The game lasted 00:02:15 (710 turns).

vishdafish the Grave Robber (Demonspawn Necromancer) Turns: 710, Time: 00:02:16

Health: 19/19      AC:  2    Str:  8    XL:     2   Next: 10%
Magic:  5/5        EV: 12    Int: 16    God:
Gold:   23         SH:  0    Dex: 13    Spells: 4/5 levels left

rFire    . . .     SeeInvis .   e - +0 short sword
rCold    + . .     Gourm    .   (no shield)
rNeg     . . .     Faith    .   a - +0 robe
rPois    .         Spirit   .   (no helmet)
rElec    .         Reflect  .   (no cloak)
rCorr    .         Harm     .   (no gloves)
MR       .....                  (no boots)
Stlth    ++........             (no amulet)
HPRegen  0.06/turn              (no ring)
MPRegen  0.09/turn              (no ring)

@: no status effects
A: cold resistance 1
a: no special abilities


You were on level 1 of the Dungeon.
You were not hungry.

You visited 1 branch of the dungeon, and saw 1 of its levels.

You collected 23 gold pieces.

Inventory:

Hand Weapons
 e - a +0 short sword (weapon)
Missiles
 d - 5 tomahawks (quivered)
Armour
 a - a +0 robe (worn)
Scrolls
 f - a scroll of magic mapping {unknown}
 g - a scroll of teleportation {unknown}
 h - a scroll of identify {unknown}
Books
 b - a book of Necromancy

   Spells                             Type                      Level
   a - Pain                           Necromancy                   1
   b - Animate Skeleton               Necromancy                   1
   c - Vampiric Draining              Necromancy                   3
   d - Regeneration                   Charms/Necromancy            3
   e - Animate Dead                   Necromancy                   4
   f - Control Undead                 Necromancy                   4
Comestibles
 c - a bread ration


   Skills:
 + Level 1.9 Dodging
 + Level 1.8 Stealth
 + Level 2.0 Spellcasting
 + Level 4.8 Necromancy


You had 4 spell levels left.
You knew the following spells:

 Your Spells              Type           Power        Failure   Level  Hunger
a - Pain                  Necr           ###.         2%          1    #......


Dungeon Overview and Level Annotations

Branches:
Dungeon (1/15)

Altars:


Innate Abilities, Weirdness & Mutations

Your flesh is cold resistant. (rC+)


Message History

The plant is almost destroyed.
The frilled lizard completely misses the plant.
The frilled lizard bites the plant but does no damage.
You hit the plant but do no damage.
The plant is almost destroyed.
The frilled lizard bites the plant but does no damage.
You hit the plant but do no damage.
The plant is almost destroyed.
The frilled lizard bites the plant but does no damage.
You hit the plant.
The plant is almost destroyed.
The frilled lizard bites the plant but does no damage.
You hit the plant but do no damage.
The plant is almost destroyed.
The frilled lizard bites the plant but does no damage.
You hit the plant.
You destroy the plant!
You hit the frilled lizard.
You kill the frilled lizard!
Are you sure you want to abandon this character and quit the game? (Confirm with "yes".)

#...$..÷.##
#......
.........#
#......
PP....P..##
##.....
♣..PP♣P.†.#
##(...
♣♣.PP♣P.#.#
##### . ♣..
♣P.#..#
#..♣♣♣♣♣P.##.#
#...♣...## .#
#.P.P@.# .#
######.# .#
#.# #.# #.#
#.. ###


There were no monsters in sight!

Vanquished Creatures
  2 giant cockroaches (D:1)
  A hobgoblin (D:1)
  A ball python (D:1)
  2 frilled lizards (D:1)
  3 kobolds (D:1)
  2 rats (D:1)
  2 plants (D:1)
13 creatures vanquished.

Notes
Turn   | Place    | Note
-------+----------+-------------------------------------------
     0 | D:1      | vishdafish the Demonspawn Necromancer began the quest for the Orb.
     0 | D:1      | Reached XP level 1. HP: 13/13 MP: 3/3
   554 | D:1      | Gained mutation: Your flesh is cold resistant. (rC+) [demonic ancestry]
   554 | D:1      | Reached XP level 2. HP: 19/19 MP: 3/5
   710 | D:1      | Quit the game

Vault maps used:
D:1:      nicolae_arrival_washed_ashore, serial_forest, infiniplex_forest_3_way,
          infiniplex_forest_clump_C, infiniplex_forest_lined_2,
          infiniplex_forest_end_1, infiniplex_forest_lined_room_3,
          infiniplex_forest_lined_room_2, infiniplex_forest_zigzag_1,
          infiniplex_forest_split

Action                   || total
-------------------------++-------
Melee: Unarmed           ||     6
       Short sword       ||   151
 Cast: Pain              ||    12
Armor: Robe              ||     4
Dodge: Dodged            ||    14

Table legend:
 A = Spawn XP
 B = Non-spawn XP
 C = Spawn XP percentage of total XP
 D = Spawn monster count
 E = Non-spawn monster count
 F = Spawn count percentage of total count
 G = Total turns spent on level
                    A         B        C        D         E        F      G
               +---------+---------+-------+---------+---------+-------+---------
         Total |       0 |      15 |   0.0 |       0 |      11 |   0.0 |   710
               +---------+---------+-------+---------+---------+-------+---------
           D:1 |       0 |      15 |   0.0 |       0 |      11 |   0.0 |   710
               +---------+---------+-------+---------+---------+-------+---------
